 Dungeon Crawl Stone Soup version 0.31-a0-716-gc7603755dd (webtiles) character file.

Game seed: 3204999017090680833

534 cforsyth the Trooper (level 7, -6/50 HPs)
             Began as a Djinni Chaos Knight on Sept 10, 2023.
             Was a Follower of Hepliaklqana.
             Mangled by a wight
             ... wielding a +4 great sword
              (16 damage)
             ... on level 3 of the Dungeon.
             The game lasted 00:07:01 (3293 turns).

cforsyth the Trooper (Djinni Chaos Knight)          Turns: 3293, Time: 00:07:02

Health: -6/50      AC:  6    Str: 11    XL:     7   Next: 49%
Gold:   146        EV: 12    Int: 15    God:    Hepliaklqana [*.....] SH:  0 Dex: 13

rFire   + + .        k - +1 morningstar (vamp)
rCold   x . .        (no shield)
rNeg    . . .        b - +2 leather armour
rPois   ∞            (no helmet)
rElec   .            (no cloak)
rCorr   .            (no gloves)
SInv    +            (boots unavailable)
Will    .....        (no amulet)
Stlth   +            f - ring of see invisible
HPRegen 0.28/turn    (no ring)
MPRegen 0.00/turn

%: infuse magic (-7 HP)
@: flying
A: reduced essence, sickness immunity, fire resistance 2, cold vulnerability 1,
float, innate caster, HP casting, extra vitality 1, shaggy fur 1, MP-powered
wands
a: Renounce Religion, Recall Ancestor, Ancestor Identity


You were on level 3 of the Dungeon.
You worshipped Hepliaklqana.
Hepliaklqana was aware of your devotion.
You visited 1 branch of the dungeon, and saw 4 of its levels.

You collected 146 gold pieces.

Inventory:

Hand Weapons
 a - a +0 falchion of chaos
 k - a +1 vampiric morningstar (weapon)
Armour
 b - a +2 leather armour (worn)
Jewellery
 f - a ring of see invisible (left hand)
Scrolls
 d - a scroll of enchant armour {unknown}
 e - 3 scrolls of teleportation {unknown}
 g - 7 scrolls of identify {unknown}
 h - a scroll of torment {unknown}
 i - a scroll of immolation {unknown}
 j - 2 scrolls of poison {unknown}
 l - a scroll of revelation {unknown}
Potions
 m - a potion of attraction
 n - a potion of brilliance {unknown}


   Skills:
 + Level 6.0 Fighting
 - Level 2.8 Long Blades
 - Level 1.2 Armour
 - Level 2.3 Dodging
 + Level 3.5 Spellcasting
 + Level 3.5 Conjurations
 + Level 3.5 Hexes
 + Level 3.5 Summonings
 + Level 3.5 Necromancy
 + Level 3.5 Translocations
 + Level 3.5 Transmutations
 + Level 3.5 Fire Magic
 + Level 3.5 Ice Magic
 + Level 3.5 Air Magic
 + Level 3.5 Earth Magic
 + Level 3.5 Poison Magic


You knew the following spells:

 Your Spells              Type           Power      Damage    Failure   Level
a - Summon Small Mammal   Summ           52%        N/A       6%          1
b - Blink                 Tloc           26%        N/A       9%          2
c - Scorch                Fire           26%        2d6       9%          2
Your spell library was empty.

Dungeon Overview and Level Annotations

Branches:
Dungeon (4/15)             Temple (0/1) D:4

Altars:
Elyvilon
Hepliaklqana
Nemelex Xobeh
The Shining One

Shops:
D:2 =?(:(   D:3 =   D:4 *


Innate Abilities, Weirdness & Mutations

Your life essence is reduced to manifest your ancestor. (-10% HP)
You are immune to sickness and miasma.
You are immune to poison.
Your flesh is very heat resistant. (rF++)
You are vulnerable to cold. (rC-)
You float through the air rather than walking.
You learn spells naturally, not from books.
Your magical power is your life essence.
You have superior vitality. (+4 MHP)
You are covered in fur. (AC +1)
You expend health (3 HP) to strengthen your wands.


Message History

Your rat bites the scorpion but does no damage.
Your magical contamination has completely faded away.
Casting: Scorch (safe; 9% risk of failure)
Confirm with . or Enter, or press ? or * to list all spells.
Flames lash the wight.
The wight is severely damaged.
The wight's fire resistance burns away.
The scorpion misses you.
Your rat barely misses the scorpion.
Casting: Scorch (safe; 9% risk of failure)
Confirm with . or Enter, or press ? or * to list all spells.
Flames lash the scorpion.
The scorpion is moderately wounded.
The scorpion's fire resistance burns away.
The scorpion stings you but does no damage.
Your rat barely misses the scorpion.
Casting: Scorch (safe; 9% risk of failure)
Confirm with . or Enter, or press ? or * to list all spells.
Flames lash the scorpion.
The scorpion is moderately wounded.
* * * LOW HITPOINT WARNING * * *
The scorpion stings you but does no damage.
The wight closely misses you.
Your rat bites the scorpion but does no damage.
The scorpion stings you.
* * * LOW HITPOINT WARNING * * *
Casting: Scorch (safe; 9% risk of failure)
Confirm with . or Enter, or press ? or * to list all spells.
Flames lash the scorpion.
The scorpion is burned terribly!
The scorpion is almost dead.
* * * LOW HITPOINT WARNING * * *
The wight is no longer more vulnerable to fire.
The wight closely misses you. The scorpion barely misses you.
Your rat barely misses the scorpion.
Casting: Scorch (safe; 9% risk of failure)
Confirm with . or Enter, or press ? or * to list all spells.
Flames lash the scorpion.
The scorpion is burned terribly!
You kill the scorpion!
* * * LOW HITPOINT WARNING * * *
The wight hits you with a +4 great sword!
You die...

#####...#.#.##.# #.##.#∩#........
#⌠.⌠##....#.##.# #.##.#.#........
.....#.........# #..#.#'#........
.._..#..#...#######.#......##....
.....#..#..................##....
....##..#..########.##.....##....
...##...#..# #.##.....##....
..##....##.########.##.....####'#
.##.8...)%......@†>........# #.#
##...............zr.###.#######.#
.......#......#########.........#
#####.##......# ##....###.#######
#.........###.....(##.# #
####......##...|......# #
#......##........### #
#......##........# #####
######..†........# #...#


You could see a wight (ally target) and a friendly rat (summoned).

Vanquished Creatures
  Sigmund (D:3)
  An ice beast (D:4)
  A phantom (D:4)
  A scorpion (D:3)
  A wight (D:4)
  An orc wizard (D:3)
  2 adders
  3 worms (D:2)
  3 orcs (D:3)
  4 bats
  6 endoplasms
  12 giant cockroaches
  5 goblins
  8 hobgoblins
  5 quokkas (D:1)
  8 ball pythons
  7 frilled lizards
  9 kobolds
  9 rats
87 creatures vanquished.

Vanquished Creatures (collateral kills)
  An endoplasm (D:4)
1 creature vanquished.

Vanquished Creatures (others)
  2 ancestors
2 creatures vanquished.

Grand Total: 90 creatures vanquished

Notes
Turn   | Place    | Note
-------+----------+-------------------------------------------
     0 | D:1      | cforsyth the Djinni Chaos Knight began the quest for the
                  | Orb.
     0 | D:1      | Reached XP level 1. HP: 20/20 MP: 0/0
    61 | D:1      | Reached XP level 2. HP: 25/25 MP: 0/0
   169 | D:1      | XOM: divination: detect items
   208 | D:1      | XOM: divination: magic mapping
   239 | D:1      | XOM: divination: detect items
   264 | D:1      | Reached XP level 3. HP: 30/30 MP: 0/0
   264 | D:1      | Learned a level 1 spell: Summon Small Mammal
   294 | D:1      | XOM: cloud trail
   420 | D:1      | Reached skill level 1 in Spellcasting
   420 | D:1      | Reached skill level 1 in Conjurations
   420 | D:1      | Reached skill level 1 in Hexes
   420 | D:1      | Reached skill level 1 in Summonings
   420 | D:1      | Reached skill level 1 in Necromancy
   420 | D:1      | Reached skill level 1 in Translocations
   420 | D:1      | Reached skill level 1 in Transmutations
   420 | D:1      | Reached skill level 1 in Fire Magic
   420 | D:1      | Reached skill level 1 in Ice Magic
   420 | D:1      | Reached skill level 1 in Air Magic
   420 | D:1      | Reached skill level 1 in Earth Magic
   420 | D:1      | Reached skill level 1 in Poison Magic
   807 | D:2      | Found Guumaxi's Jewellery Shop.
   827 | D:2      | XOM: butterfly on damage
   943 | D:2      | XOM: 4-stop teleportation journey
   963 | D:2      | Reached XP level 4. HP: 37/37 MP: 0/0
   986 | D:2      | XOM: silly message
  1087 | D:2      | XOM: 2-stop teleportation journey
  1109 | D:2      | Found Meed's Book Boutique.
  1125 | D:2      | Found Ciovih's Antique Weapon Boutique.
  1165 | D:2      | Found Xesoykk's Magic Scroll Boutique.
  1179 | D:2      | XOM: cloud trail
  1283 | D:2      | Reached skill level 4 in Fighting
  1380 | D:2      | Found Zoivu's Weapon Boutique.
  1542 | D:3      | Found a sparkling altar of Nemelex Xobeh.
  1543 | D:3      | Found a white marble altar of Elyvilon.
  1543 | D:3      | Found a hazy altar of Hepliaklqana.
  1622 | D:3      | Fell from the grace of Xom
  1622 | D:3      | Became a worshipper of Hepliaklqana the Forgotten
  1675 | D:3      | Noticed Sigmund
  1690 | D:3      | Killed Sigmund
  1691 | D:3      | Reached skill level 5 in Fighting
  1691 | D:3      | Reached XP level 5. HP: 32/43 MP: 0/0
  1691 | D:3      | Learned a level 2 spell: Blink
  1691 | D:3      | Reached XP level 6. HP: 36/49 MP: 0/0
  2115 | D:3      | XOM: torment (26/49 hp)
  2223 | D:3      | Found Jeciod's Jewellery Boutique.
  2233 | D:3      | Reached * piety under Hepliaklqana
  2600 | D:3      | Found a faded altar of an unknown god.
  2604 | D:3      | Found a glowing golden altar of the Shining One.
  2653 | D:3      | XOM: give mutations
  2653 | D:3      | Gained mutation: You expend health (3 HP) to strengthen
                  | your wands. [Xom's mischief]
  2653 | D:3      | Gained mutation: You are covered in fur. (AC +1) [Xom's
                  | mischief]
  2963 | D:4      | Noticed an ice beast
  2965 | D:4      | Found Xudiawen's Assorted Antiques.
  2976 | D:4      | Found a staircase to the Ecumenical Temple.
  2979 | D:4      | Killed an ice beast
  2980 | D:4      | Reached XP level 7. HP: 26/48 MP: 0/0
  2980 | D:4      | Learned a level 2 spell: Scorch
  3095 | D:4      | Reached skill level 6 in Fighting
  3183 | D:3      | XOM: give mutation
  3293 | D:3      | Mangled by a wight

Illustrated notes

Levels and vault maps discovered:
D:1:      onia_arrival_handbag, layout_basic
D:2:      minmay_general_purpose_star, layout_rooms, serial_shops, shop, shop,
          shop, shop, shop, chequers_serial_rivers_micro_d
D:3:      minmay_roachtagon, layout_basic, nicolae_overflow_ecumenical_swirl,
          grunt_temple_overflow_open, serial_shops, shop, uniq_sigmund
D:4:      layout_loops_corners, minmay_temple_entry_trees, serial_shops, shop,
          minmay_hollow_rounded_squares, uniq_pikel, uniq_eustachio, uniq_edmund

Skill      XL: |  1  2  3  4  5  6  7 |
---------------+----------------------+-----
Spellcasting   | 1 2 3 |  3.5
Conjurations   | 1 2 3 |  3.5
Hexes          | 1 2 3 |  3.5
Summonings     | 1 2 3 |  3.5
Necromancy     | 1 2 3 |  3.5
Translocations | 1 2 3 |  3.5
Transmutations | 1 2 3 |  3.5
Fire Magic     | 1 2 3 |  3.5
Ice Magic      | 1 2 3 |  3.5
Air Magic      | 1 2 3 |  3.5
Earth Magic    | 1 2 3 |  3.5
Poison Magic   | 1 2 3 |  3.5
Fighting       | 5 6 |  6.0
Long Blades    | |  2.8
Armour         | |  1.2
Dodging        | |  2.3

Action                     |  1- 3 |  4- 6 |  7- 9 || total
---------------------------+-------+-------+-------++-------
  Melee: Falchion          |   126 |     8 |       ||   134
         Punch             |     1 |       |       ||     1
         Morningstar       |       |   155 |     6 ||   161
   Cast: Scorch            |       |       |    16 ||    16
         Summon Small Mamm |       |       |     1 ||     1
 Invoke: Recall Ancestor   |       |       |     1 ||     1
    Use: Potion            |       |     2 |       ||     2
         Scroll            |       |     1 |     1 ||     2
   Stab: Paralysed         |       |     1 |       ||     1
         Distracted        |       |       |     1 ||     1
 Armour: Leather armour    |    63 |   134 |    12 ||   209
  Dodge: Dodged            |    85 |   147 |    11 ||   243

Table legend: (Time is in decaauts)
 A = Elapsed time spent in this place.
 B = Non-inter-level travel time spent in this place.
 C = Inter-level travel time spent in this place.
 D = Time resting spent in this place.
 E = Time spent auto-exploring this place.
 F = Levels seen in this place.
 G = Mean time per level.
                   A        B        C        D        E       F      G
               +--------+--------+--------+--------+--------+-----+--------+
         Total |   3396 |   3331 |     65 |    319 |   2245 |   4 |  849.0 |
       Dungeon |   3396 |   3331 |     65 |    319 |   2245 |   4 |  849.0 |
               +--------+--------+--------+--------+--------+-----+--------+

Top non-repeatable levels by time:
     D:3: 1453 daAuts
     D:2: 1053 daAuts
     D:1: 659 daAuts
     D:4: 230 daAuts
